 Dungeon Crawl Stone Soup version 0.28.0-53-g5a82cb258f (webtiles) character file.

Game seed: 3477374676293093179

7009 DildoBatman the Merchant of Misery (level 11, -1/80 HPs)
             Began as a Formicid Conjurer on June 2, 2022.
             Was a Believer of Kikubaaqudgha.
             Shot with a sling bullet by Joseph (10 damage)
             ... on level 10 of the Dungeon.
             The game lasted 00:39:24 (11259 turns).

DildoBatman the Merchant of Misery (FoCj)          Turns: 11259, Time: 00:39:24

Health: -1/80      AC:  9    Str: 11    XL:     11   Next: 29%
Magic:  14/21      EV: 12    Int: 25    God:    Kikubaaqudgha [**....]
Gold:   379        SH:  0    Dex: 13    Spells: 16/24 levels left

rFire   + . .      SeeInvis +   b - +0 long sword
rCold   . . .      Faith    .   (no shield)
rNeg    . . .      Spirit   .   M - +2 leather armour {rF+}
rPois   +          Reflect  .   (helmet unavailable)
rElec   .          Harm     .   Q - +1 cloak
rCorr   .          Rampage  .   g - +0 pair of gloves
Will    +....                   (no boots)
Stlth   ++........              (no amulet)
HPRegen 0.23/turn               h - ring of poison resistance
MPRegen 0.17/turn               q - +6 ring of intelligence

@: no status effects
A: permanent stasis, dig shafts and tunnels, antennae 3, four strong arms,
talons 1, passive freeze
a: Dig, Shaft Self, Renounce Religion, Receive Corpses


You were on level 10 of the Dungeon.
You worshipped Kikubaaqudgha.
Kikubaaqudgha was pleased with you.
You visited 2 branches of the dungeon, and saw 11 of its levels.
You also visited: Sewer.

You collected 516 gold pieces.
You spent 137 gold pieces at shops.

Inventory:

Hand Weapons
 a - a +0 hunting sling
 b - a +0 long sword (weapon)
 d - a +2 dagger of venom
 e - a +3 mace
 S - a +1 whip of venom
Missiles
 c - 2 silver boomerangs
 k - 79 bolts
 m - 28 sling bullets
 s - 69 poisoned darts
 u - 113 stones
 v - 4 curare-tipped darts (quivered)
 x - 3 throwing nets
 G - 114 arrows
 J - 4 javelins
 N - 7 boomerangs
Armour
 g - a +0 pair of gloves (worn)
 M - a +2 leather armour of fire resistance (worn)
 Q - a +1 cloak (worn)
Jewellery
 h - a ring of poison resistance (left hand)
 q - a +6 ring of intelligence (right hand)
Wands
 F - a wand of iceblast (6)
 L - a wand of polymorph (4)
Scrolls
 l - 2 scrolls of vulnerability {unknown}
 r - 2 scrolls of enchant armour {unknown}
 w - 3 scrolls of enchant weapon {unknown}
 y - 3 scrolls of fog
 z - 3 scrolls of identify
 B - 4 scrolls of brand weapon
 C - a scroll of amnesia {unknown}
 E - 4 scrolls of teleportation {unknown}
 I - 3 scrolls of fear
 K - 2 scrolls of immolation {unknown}
 P - 2 scrolls of silence {unknown}
 R - a scroll of holy word {unknown}
Potions
 f - a potion of might {unknown}
 i - a potion of attraction {unknown}
 j - a potion of invisibility {unknown}
 n - 5 potions of curing
 o - 2 potions of lignification {unknown}
 p - a potion of magic {unknown}
 t - 2 potions of brilliance {unknown}
 A - 2 potions of resistance {unknown}
 D - 3 potions of degeneration {unknown}
 H - a potion of heal wounds {unknown}
 O - 2 potions of flight {unknown}


   Skills:
 * Level 5.3 Fighting
 * Level 6.3 Armour
 * Level 2.3 Dodging
 - Level 2.4 Stealth
 - Level 7.0 Spellcasting
 - Level 6.0 Conjurations
 - Level 12.0 Necromancy


You had 16 spell levels left.
You knew the following spells:

 Your Spells              Type           Power      Damage    Failure   Level
a - Searing Ray           Conj           76%        2d7       1%          2
c - Magic Dart            Conj           100%       1d8       1%          1
d - Vampiric Draining     Necr           62%        2d10      1%          3
z - Sublimation of Blood  Necr           62%        N/A       1%          2

Your spell library contained the following spells:

 Spells                   Type           Power      Damage    Failure   Level
 Animate Skeleton         Necr           100%       N/A       1%          1
 Pain                     Necr           100%       1d9       1%          1
 Corpse Rot               Necr/Air       76%        N/A       1%          2
 Dazzling Flash           Conj/Hex       46%        N/A       8%          3
 Slow                     Hex            32%        N/A       9%          1
 Sting                    Tmut/Pois      32%        1d4       9%          1
 Summon Small Mammal      Summ           32%        N/A       9%          1
 Call Imp                 Summ           8%         N/A       13%         2
 Poisonous Vapours        Pois/Air       16%        N/A       13%         2
 Fulminant Prism          Conj/Hex       11%        3d9       24%         4
 Iskenderun's Mystic Bla  Conj/Tloc      23%        2d6       24%         4
 Confusing Touch          Hex            8%         N/A       26%         3
 Animate Armour           Summ/Erth      16%        N/A       63%         4
 Olgreb's Toxic Radiance  Pois           8%         N/A       63%         4
 Summon Ice Beast         Ice/Summ       8%         N/A       63%         4
 Starburst                Conj/Fire      11%        6d5       98%         6


Dungeon Overview and Level Annotations

Branches:
Dungeon (10/15)            Temple (1/1) D:7            Lair (0/6) D:8
  Sewer (visited)
    Orc: D:9-12

Altars:
Ashenzari
Cheibriados
Dithmenos
Elyvilon
Fedhas
Gozag
Hepliaklqana
Kikubaaqudgha
Makhleb
Nemelex Xobeh
Okawaru
Qazlal
Ru
Sif Muna
Trog
Uskayaw
Vehumet
Wu Jian
Xom
Yredelemnul
Zin
The Shining One

Shops:
D:3 ?   D:7 *   D:10 (

Annotations:
D:7 exclusion: electric eel
D:9 1 exclusion
D:10 Joseph


Innate Abilities, Weirdness & Mutations

You cannot be hasted, slowed, berserked, paralysed or teleported.
You can dig through walls and to a lower floor.
You have a pair of large antennae on your head. (SInv)
Your four strong arms can wield two-handed weapons with a shield.
You have sharp toenails.
A frigid envelope surrounds you and freezes all who hurt you.


Message History

Casting: Searing Ray (safe; 1% risk of failure)
Confirm with . or Enter, or press ? or * to list all spells.
Aiming: Vampiric Draining (safe; 1% risk of failure)
Press: ? - help, Shift-Dir - straight line, f/p - Harold
Aim: Harold, wielding a +0 scimitar, wearing a +0 chain mail and quivering a throwing net (almost dead)
You draw life force from Harold!!
You kill Harold!
Kikubaaqudgha accepts your kill.
Harold groans, "My... family..." and then collapses, dead.
You feel life coursing into your body!
Your life force feels restored.
Training target 12.0 for Necromancy reached!
Your Necromancy skill increases to level 12!
You need to enable at least one skill for training.
Your Dodging skill increases to level 2!
x - 3 throwing nets (gained 1)
Things that are here:
a +0 scimitar; a +0 chain mail; a potion of mutation Joseph, a Mercenary comes into view.
He is wielding a +0 quarterstaff and wearing a +2 leather armour of cold resistance.
Joseph unwields a +0 quarterstaff.
Joseph wields a +1 hunting sling of freezing.
It is covered in frost.
Joseph shoots a sling bullet.
The sling bullet hits you! The sling bullet freezes you.
Joseph shoots a sling bullet.
The sling bullet hits you. The sling bullet freezes you.
Things that are here:
a +0 whip; a kobold corpse
Things that are here:
a +0 club; a kobold corpse
Things that are here:
a +0 club; a +0 short sword; a kobold corpse; a kobold corpse The sentinel's mark upon you fades away.
Joseph shoots a sling bullet.
The sling bullet hits you!! The sling bullet freezes you!
You die...
Kikubaaqudgha rasps: "You have failed me!
Welcome... death!"

#.# #.# #.# #.# .. #.#
#.# .# #.# #.# .# #.#
#.# .# #.####### #.# .#
#.#<....#####.## .#
####.#####.##.....# .#
#.......@...#.#####
.########@##.#####..#.#
...........#........#.#
.......{.....>......#.#
......{...............#
######.##.#############
....))###.# ....@)# #.#
......# #.#


You could see Joseph.

Vanquished Creatures
  Harold (D:10)
  A two-headed ogre (D:5)
  A cyclops (D:9)
  An elephant (D:8)
  A kobold demonologist (D:10)
  2 trolls
  A wraith (D:10)
  A shadow (D:9)
  A wyvern (D:8)
  Grum (D:9)
  An acid dragon (D:5)
  An ice beast (D:8)
  Duvessa (D:5)
  An orc warrior (D:8)
  2 sky beasts (D:6)
  3 black bears
  An ogre (D:5)
  3 wolves (D:9)
  5 centaurs
  12 kobold brigands
  A bullfrog (D:5)
  3 scorpions
  2 wyvern zombies
  Dowan (D:5)
  6 killer bees (D:10)
  4 wights (D:6)
  A howler monkey (D:10)
  3 bullfrog zombies
  A centaur zombie (D:7)
  A hound (D:6)
  2 orc priests (D:9)
  A bullfrog skeleton (D:5)
  A centaur skeleton (D:10)
  3 orc wizards (D:9)
  Robin (D:2)
  A howler monkey zombie (D:9)
  A howler monkey skeleton (D:7)
  9 adders
  2 river rats (Sewer)
  2 white imps (D:6)
  An ufetubus (D:7)
  9 worms
  10 orcs
  13 ball pythons
  12 endoplasms
  5 giant cockroaches
  11 goblins
  7 hobgoblins
  31 kobolds
  4 quokkas
  7 bats
  A frilled lizard (D:1)
  9 rats
207 creatures vanquished.

Vanquished Creatures (others)
  A fungus (D:8)
  A plant (D:8)
2 creatures vanquished.

Grand Total: 209 creatures vanquished

Notes
Turn   | Place    | Note
-------+----------+-------------------------------------------
     0 | D:1      | DildoBatman the Formicid Conjurer began the quest for the
                  | Orb.
     0 | D:1      | Reached XP level 1. HP: 13/13 MP: 3/3
    36 | D:1      | Found a faded altar of an unknown god.
   238 | D:1      | Reached XP level 2. HP: 19/19 MP: 3/5
   307 | D:1      | Learned a level 2 spell: Searing Ray
   814 | D:2      | Reached XP level 3. HP: 24/24 MP: 6/6
  1338 | D:3      | Found Iwugut's Magic Scroll Emporium.
  1345 | D:3      | Bought a scroll of identify for 22 gold pieces
  1394 | D:3      | Reached XP level 4. HP: 30/30 MP: 7/7
  1784 | D:3      | Learned a level 3 spell: Vampiric Draining
  2386 | D:4      | Found a glowing drain.
  2400 | Sewer    | Entered a sewer
  2434 | Sewer    | Reached skill level 5 in Conjurations
  2553 | Sewer    | Noticed a kobold brigand
  2569 | Sewer    | Killed a kobold brigand
  2570 | Sewer    | Reached skill level 1 in Fighting
  2570 | Sewer    | Reached skill level 1 in Armour
  2570 | Sewer    | Reached XP level 5. HP: 30/37 MP: 1/9
  2573 | Sewer    | Noticed a kobold brigand
  2632 | Sewer    | Killed a kobold brigand
  2633 | Sewer    | Reached XP level 6. HP: 44/44 MP: 2/10
  3368 | D:4      | Got the Tome of Companions
  3714 | D:5      | Entered Level 5 of the Dungeon
  3719 | D:5      | Reached XP level 7. HP: 50/50 MP: 8/12
  3852 | D:6      | Reached skill level 5 in Spellcasting
  4299 | D:7      | Found Oviunne's Assorted Antiques.
  4766 | D:7      | Found a blossoming altar of Fedhas.
  4799 | D:7      | Reached XP level 8. HP: 31/51 MP: 6/17
  4835 | D:7      | Found a staircase to the Ecumenical Temple.
  4846 | Temple   | Entered the Ecumenical Temple
  5160 | Temple   | Became a worshipper of Kikubaaqudgha
  5845 | D:5      | Reached skill level 1 in Necromancy
  5872 | D:5      | Noticed a troll
  5897 | D:4      | HP: 1/56 [troll (11)]
  6267 | D:5      | Noticed a two-headed ogre
  6275 | D:5      | Noticed Duvessa
  6275 | D:5      | Noticed Dowan
  6391 | D:6      | Reached skill level 2 in Necromancy
  6638 | D:6      | Reached skill level 3 in Necromancy
  6711 | D:6      | Reached skill level 4 in Necromancy
  7079 | D:5      | Killed Duvessa
  7080 | D:5      | Reached skill level 5 in Necromancy
  7080 | D:5      | Reached XP level 9. HP: 61/61 MP: 8/19
  7086 | D:5      | Killed Dowan
  7306 | D:5      | Reached skill level 6 in Necromancy
  7413 | D:5      | You fall into a shaft and drop 2 floors!
  7558 | D:5      | Gained mutation: Your system is resistant to poisons.
                  | (rPois) [potion of mutation]
  7558 | D:5      | Gained mutation: You are dopey. (Int -2) [potion of
                  | mutation]
  7558 | D:5      | Gained mutation: A frigid envelope surrounds you and
                  | freezes all who hurt you. [potion of mutation]
  7566 | D:5      | Reached skill level 7 in Necromancy
  7932 | D:8      | Found a staircase to the Lair.
  7932 | D:8      | Noticed an elephant
  7994 | D:8      | Reached skill level 8 in Necromancy
  8033 | D:8      | Killed an elephant
  8079 | D:8      | Reached * piety under Kikubaaqudgha
  8079 | D:8      | Received a gift from Kikubaaqudgha
  8080 | D:8      | Reached skill level 9 in Necromancy
  8083 | D:8      | Learned a level 2 spell: Sublimation of Blood
  8136 | D:8      | Reached XP level 10. HP: 70/70 MP: 3/20
  8518 | D:8      | Lost mutation: Your system is resistant to poisons. (rPois)
                  | [potion of mutation]
  8518 | D:8      | Lost mutation: You are dopey. (Int -2) [potion of mutation]
  8518 | D:8      | Gained mutation: You have sharp toenails. [potion of
                  | mutation]
  8945 | D:2      | Noticed Robin
  8954 | D:2      | Killed Robin
  9082 | D:2      | Reached ** piety under Kikubaaqudgha
  9247 | D:3      | Bought a scroll of fear for 38 gold pieces
  9247 | D:3      | Bought a scroll of fog for 22 gold pieces
  9247 | D:3      | Bought a scroll of noise for 11 gold pieces
  9247 | D:3      | Bought a scroll of identify for 22 gold pieces
  9247 | D:3      | Bought a scroll of fog for 22 gold pieces
  9530 | D:5      | Killed a two-headed ogre
  9531 | D:5      | Reached skill level 5 in Fighting
  9782 | D:9      | Noticed a cyclops
 10046 | D:9      | Killed a cyclops
 10143 | D:9      | Noticed a seven-headed hydra
 10503 | D:9      | Reached skill level 10 in Necromancy
 10617 | D:9      | Noticed Grum
 10640 | D:9      | Killed Grum
 10919 | D:10     | Entered Level 10 of the Dungeon
 11027 | D:10     | Reached XP level 11. HP: 56/79 MP: 13/21
 11076 | D:10     | Reached skill level 11 in Necromancy
 11192 | D:10     | Found Uraetaga's Weapon Emporium.
 11197 | D:10     | Noticed Harold
 11220 | D:10     | Killed Harold
 11221 | D:10     | Reached skill level 12 in Necromancy
 11224 | D:10     | Noticed Joseph
 11259 | D:10     | Shot with a sling bullet by Joseph

Illustrated notes

Levels and vault maps discovered:
D:1:      dpeg_arrival_shelter, layout_basic, ebering_ecumenical_altar_mist,
          grunt_decor_cap
D:2:      layout_loops_ring, uniq_robin
D:3:      layout_basic, serial_shops, nicolae_shop_crystal
D:4:      layout_loops_corners, portal_sewer_entry_f
D:5:      minmay_evil_eye, layout_basic, uniq_duvessa
D:6:      layout_cave_pods
D:7:      statuecave_lemuel, layout_basic, fedhas_altar_fruit_tree,
          lemuel_temple_firewalk_a, serial_shops, kennysheep_little_box
D:8:      layout_basic, david_lair_generic, eino_tiny_chamber,
          minmay_tree_intersection
D:9:      layout_basic, uniq_grum
D:10:     layout_basic, serial_shops, nicolae_shop_bloodbath_and_beyond,
          uniq_harold, uniq_joseph
Temple:   mainiacjoe_temple_circle_huts

Skill      XL: |  1  2  3  4  5  6  7  8  9 10 11 |
---------------+----------------------------------+-----
Conjurations   | 4 5 6 |  6.0
Fighting       | 1 2 3 5 |  5.3
Armour         | 1 2 3 6 |  6.3
Spellcasting   | 3 6 7 |  7.0
Necromancy     | 5 9 10 12 | 12.0
Dodging        | 2 |  2.3
Stealth        | |  2.4

Action                   |  1- 3 |  4- 6 |  7- 9 | 10-12 || total
-------------------------+-------+-------+-------+-------++-------
Melee: Dagger            |    28 |    40 |    10 |    38 ||   116
       Punch             |       |     1 |       |     1 ||     2
       Long sword        |       |       |     2 |     5 ||     7
       Kick              |       |       |       |    13 ||    13
 Fire: Hunting sling     |       |     1 |    36 |    13 ||    50
Throw: Dart              |       |       |       |     3 ||     3
 Cast: Magic Dart        |    40 |    14 |    19 |     9 ||    82
       Searing Ray       |     3 |    17 |    51 |    37 ||   108
       Vampiric Draining |       |       |       |     8 ||     8
       Sublimation of Bl |       |       |       |     1 ||     1
 Abil: Dig               |       |     3 |     4 |     3 ||    10
  Use: Scroll            |       |       |     6 |       ||     6
       Potion            |       |       |     1 |     1 ||     2
 Stab: Sleeping          |     1 |     1 |       |       ||     2
Armor: Robe              |     6 |    14 |    11 |       ||    31
       Leather armour    |       |       |    21 |    35 ||    56
Dodge: Dodged            |    18 |    45 |    78 |    65 ||   206
